 Dungeon Sprint DCSS version 0.20.1-1-g8b1a95d (webtiles) character file.

658 JustSomeDude the Fighter (level 7, 0/64 HPs)
             Began as a Demonspawn Fighter on Aug 28, 2017.
             Succumbed to a hornet's poison
             ... in the Dungeon (Sprint II: "The Violet Keep of Menkaure").
             The game lasted 00:02:47 (141 turns).

JustSomeDude the Fighter (Demonspawn Fighter)        Turns: 141, Time: 00:02:47

Health: 0/64       AC:  8    Str: 16    XL:     7   Next: 30%
Magic:  6/6        EV:  9    Int:  9    God:
Gold:   243        SH: 10    Dex: 13    Spells: 6/6 levels left

rFire    . . .     SeeInvis .   a - +0 long sword
rCold    . . .     Gourm    .   c - +0 shield
rNeg     . . .     Faith    .   b - +0 scale mail
rPois    .         Spirit   .   (no helmet)
rElec    .         Reflect  .   (no cloak)
rCorr    .         Harm     .   (no gloves)
MR       .....     NoTele   +   (no boots)
Stlth    ..........             (no amulet)
Regen    0.2/turn               (no ring)
MPRegen  0.1/turn               (no ring)

@: lethally poisoned (0 -> -4), slowed, very slow
A: claws 1, blurry vision 2, deterioration 1, low mp 1, powered by death 1,
spiny 1, weak 1, sturdy frame 1
a: no special abilities


You were in the Dungeon.
You were not hungry.

You visited 1 branch You collected 243 gold pieces.

Inventory:

Hand Weapons
 a - a +0 long sword (weapon)
Armour
 b - a +0 scale mail (worn)
 c - a +0 shield (worn)
Scrolls
 k - a scroll of blinking
Potions
 i - 2 potions of magic
Comestibles
 d - 6 chunks of flesh
 f - a bread ration


   Skills:
 + Level 9.2 Fighting
 + Level 6.5 Long Blades
 + Level 8.0 Armour
 + Level 1.1 Dodging
 + Level 7.8 Shields


You had 6 spell levels left.
You didn't know any spells.

Dungeon Overview and Level Annotations

Branches:
Dungeon (1/1)

Altars:
Cheibriados
Dithmenos
Elyvilon
Fedhas
Gozag
Hepliaklqana
Kikubaaqudgha
Makhleb
Nemelex Xobeh
Okawaru
Qazlal
Ru
Sif Muna
Trog
Uskayaw
Vehumet
Xom
Yredelemnul
Zin
The Shining One
Beogh
Jiyva
Lugonu


Innate Abilities, Weirdness & Mutations

You have sharp fingernails.
You regenerate a little health from kills.
You are partially covered in sharp spines.
Your movements are slightly less encumbered by armour. (ER -2)
Scrolls take you longer to read.
Your body sometimes deteriorates upon taking damage.
Your magical capacity is low. (-10% MP)
You are weak. (Str -2)


Message History

You are poisoned.
You feel yourself slow down.
A yaktaur comes into view.
You feel sick.
The yaktaur shouts!
The yaktaur moves out of view.
The hornet stings you!
* * * LOW HITPOINT WARNING * * *
You feel as though you will be slow longer.
Found nine items.
Found a glowing golden altar of the Shining One and a stormy altar of Qazlal.
Really read with blurry vision while enemies are nearby? [Y]es or [N]o only, please.
Really read with blurry vision while enemies are nearby? [Y]es or [N]o only, please.
Really read with blurry vision while enemies are nearby? [Y]es or [N]o only, please.
Really read with blurry vision while enemies are nearby? [Y]es or [N]o only, please.
Really read with blurry vision while enemies are nearby?
You die... ...# ...# ###..## #..# .# )(! +###.##..# +..# .# %?? .##.#.#..# #..# .# $!)!

<.'.##'..####..##.#▓)$$$
.##..##....###^.h##▓▓▓▓▓
+###.##......≈≈hh≈≈≈≈≈≈≈
##≈≈.§...≈#y########
#≈≈≈≈≈≈≈..§#_@_.....#
#≈≈≈≈≈≈≈≈§≈#._._....#
#≈≈≈§≈≈§≈§≈≈#_._._...#
≈≈≈≈≈≈≈≈≈≈≈≈§#._._._..#
+++#≈≈≈≈≈≈§§≈#_._._._.#
##≈§§###§≈#._._._._#
#≈≈#.._._._.#
#≈≈#._..._..#


You could see 3 polar bears and a hornet.

Vanquished Creatures
  4 neqoxecs (D)
  A crocodile (D)
5 creatures vanquished.

Vanquished Creatures (others)
  Menkaure (D)
1 creature vanquished.

Grand Total: 6 creatures vanquished

Notes
Turn   | Place    | Note
-------+----------+-------------------------------------------
     0 | D        | JustSomeDude the Demonspawn Fighter began the quest for the Orb.
     0 | D        | Reached XP level 1. HP: 18/18 MP: 1/1
     1 | D        | Noticed a neqoxec
     1 | D        | Noticed a neqoxec
     1 | D        | Noticed a neqoxec
     1 | D        | Noticed a neqoxec
     2 | D        | Noticed a quasit
     2 | D        | Noticed a crimson imp
     2 | D        | Noticed a quasit
    11 | D        | Gained mutation: Scrolls take you a little longer to read. [a neqoxec]
    14 | D        | Killed a neqoxec
    14 | D        | Reached skill level 6 in Fighting
    14 | D        | Reached skill level 5 in Armour
    14 | D        | Reached skill level 5 in Shields
    14 | D        | Gained mutation: Your movements are slightly less encumbered by armour. (ER -2) [demonic ancestry]
    14 | D        | Reached XP level 2. HP: 8/29 MP: 2/2
    14 | D        | Reached XP level 3. HP: 9/35 MP: 3/3
    14 | D        | Gained mutation: You regenerate a little health from kills. [demonic ancestry]
    14 | D        | Reached XP level 4. HP: 11/41 MP: 4/4
    18 | D        | Gained mutation: Your magical capacity is low. (-10% MP) [a neqoxec]
    19 | D        | Killed a neqoxec
    19 | D        | Reached skill level 7 in Fighting
    19 | D        | Gained mutation: You have sharp fingernails. [demonic ancestry]
    19 | D        | Reached XP level 5. HP: 44/48 MP: 4/4
    21 | D        | Gained mutation: Your body sometimes deteriorates upon taking damage. [a neqoxec]
    23 | D        | Killed a neqoxec
    23 | D        | Reached skill level 8 in Fighting
    23 | D        | Reached skill level 5 in Long Blades
    23 | D        | Gained mutation: You are partially covered in sharp spines. [demonic ancestry]
    23 | D        | Reached XP level 6. HP: 53/57 MP: 5/5
    27 | D        | Gained mutation: You are weak. (Str -2) [a neqoxec]
    30 | D        | Gained mutation: Scrolls take you longer to read. [a neqoxec]
    31 | D        | Killed a neqoxec
    31 | D        | Reached skill level 1 in Dodging
    31 | D        | Reached XP level 7. HP: 54/63 MP: 6/6
    49 | D        | Found an iron altar of Okawaru.
    49 | D        | Found a radiant altar of Vehumet.
    49 | D        | Found a glowing silver altar of Zin.
    50 | D        | Found a sparkling altar of Nemelex Xobeh.
    50 | D        | Found a hide-covered altar of Uskayaw.
    52 | D        | Noticed Menkaure
    58 | D        | Killed Menkaure
    58 | D        | Reached skill level 9 in Fighting
    93 | D        | Found an opulent altar of Gozag.
    93 | D        | Found a burning altar of Makhleb.
    93 | D        | Found a bloodstained altar of Trog.
    93 | D        | Found a basalt altar of Yredelemnul.
    94 | D        | Found a blossoming altar of Fedhas.
    94 | D        | Found a corrupted altar of Lugonu.
    94 | D        | Found a deep blue altar of Sif Muna.
   131 | D        | Found a white marble altar of Elyvilon.
   131 | D        | Found an ancient bone altar of Kikubaaqudgha.
   132 | D        | Found a shadowy altar of Dithmenos.
   132 | D        | Found a viscous altar of Jiyva.
   133 | D        | Found a snail-covered altar of Cheibriados.
   135 | D        | Found a roughly hewn altar of Beogh.
   135 | D        | Noticed a polar bear
   137 | D        | Found a shimmering altar of Xom.
   137 | D        | Found a sacrificial altar of Ru.
   137 | D        | Found a hazy altar of Hepliaklqana.
   137 | D        | Noticed a hornet
   138 | D        | Noticed a polar bear
   138 | D        | Noticed a polar bear
   140 | D        | Noticed a yaktaur
   140 | D        | Found a glowing golden altar of the Shining One.
   140 | D        | Found a stormy altar of Qazlal.
   140 | D        | HP: 1/64 [hornet (9)]
   141 | D        | Succumbed to a hornet's poison

Skill      XL: |  1  2  3  4  5  6  7 |
---------------+----------------------+-----
Fighting       | 6 7 8 9 |  9.2
Long Blades    | 3 4 5 6 |  6.5
Armour         | 5 6 7 8 |  8.0
Shields        | 5 6 7 |  7.8
Dodging        | 1 |  1.1

Action                   |  1- 3 |  4- 6 |  7- 9 || total
-------------------------+-------+-------+-------++-------
Melee: Long sword        |    10 |    15 |    10 ||    35
  Use: Potion            |     3 |     2 |       ||     5
Armor: Scale mail        |     1 |     3 |     4 ||     8
Dodge: Dodged            |     2 |     3 |     3 ||     8
Block: Shield            |     1 |     6 |     3 ||    10
       Rpst.: Long sword |     1 |     2 |     2 ||     5
